 Dungeon Crawl Stone Soup version 0.31-a0-960-g0fca184906 (webtiles) character file.

Game seed: 16622284839860000128

337 Azuregosa the Covert (level 6, -3/42 HPs)
             Began as an Octopode Delver on Oct 22, 2023.
             Was an Initiate of Gozag.
             Slain by a water moccasin (7 damage)
             ... on level 3 of the Dungeon.
             The game lasted 00:11:55 (2438 turns).

Azuregosa the Covert (Octopode Delver)              Turns: 2438, Time: 00:11:57

Health: -3/42      AC:  1    Str: 11    XL:     6   Next: 54%
Magic:  6/6        EV: 13    Int: 13    God:    Gozag
Gold:   349        SH:  0    Dex: 15    Spells: 1/5 levels left

rFire   . . .        g - +2 long sword
rCold   . . .        (no shield)
rNeg    . . .        (helmet restricted)
rPois   .            y - amulet of regeneration
rElec   .            (no ring)
rCorr   .            (no ring)
SInv    .            (no ring)
Will    .....        (no ring)
Stlth   ++++++       (no ring)
HPRegen 1.07/turn    (no ring)
MPRegen 0.10/turn    (no ring)
                     (no ring)

%: no passive effects
@: lethally poisoned (-3 -> -16)
A: almost no armour, amphibious, 8 rings, camouflage 1, gelatinous body 1,
(nimble swimmer 1), tentacles
a: Renounce Religion, Potion Petition, Call Merchant, Bribe Branch


You were on level 3 of the Dungeon.
You worshipped Gozag.
Gozag was aware of your devotion.
You visited 1 branch of the dungeon, and saw 6 of its levels.

You collected 383 gold pieces.
You paid 34 gold pieces to Gozag.

Inventory:

Hand Weapons
 f - a +0 rapier
 g - a +2 long sword (weapon)
 r - a +1 dagger of venom
Missiles
 n - 16 stones
 x - 5 poisoned darts
Jewellery
 y - an amulet of regeneration (around mantle)
Wands
 e - a wand of digging (3)
Scrolls
 j - a scroll of revelation
 k - 2 scrolls of silence {unknown}
 m - 2 scrolls of enchant armour {unknown}
 o - a scroll of amnesia {unknown}
 p - 3 scrolls of blinking {unknown}
 q - 2 scrolls of teleportation {unknown}
 u - a scroll of enchant weapon {unknown}
 v - a scroll of immolation {unknown}
 z - a scroll of identify {unknown}
Potions
 b - a potion of berserk rage {unknown}
 c - 4 potions of heal wounds {unknown}
 d - a potion of haste
 h - a potion of attraction {unknown}
 i - 2 potions of lignification {unknown}
 l - a potion of curing {unknown}
 s - a potion of brilliance {unknown}
 t - 2 potions of invisibility {unknown}
 w - a potion of might {unknown}


   Skills:
 - Level 3.0 Fighting
 - Level 2.0 Dodging
 - Level 11.3 Stealth
 - Level 2.0 Unarmed Combat
 + Level 0.1 Spellcasting
 + Level 0.1 Summonings


You had one spell level left.
You knew the following spells:

 Your Spells              Type           Power      Damage    Failure   Level
a - Summon Ice Beast      Ice/Summ       0%         N/A       96%         4

Your spell library contained the following spells:

 Spells                   Type           Power      Damage    Failure   Level
 Poisonous Vapours        Pois/Air       0%         N/A       43%         2
 Hailstorm                Conj/Ice       0%         3d3       67%         3
 Ignite Poison            Fire/Tmut/Pois 0%         N/A       67%         3
 Mephitic Cloud           Conj/Pois/Air  0%         N/A       67%         3
 Sticky Flame             Conj/Fire      0%         2d3       97%         4
 Freezing Cloud           Conj/Ice/Air   0%         6-21      100%        5
 Ignition                 Fire           0%         3d3       100%        8
 Simulacrum               Ice/Necr       Unusable   N/A       N/A         6

Dungeon Overview and Level Annotations

Branches:
Dungeon (6/15)
 Temple: D:4-7

Altars:
Cheibriados
Gozag
Makhleb

Annotations:
D:4 Eustachio
D:6 Jeremiah


Innate Abilities, Weirdness & Mutations

You cannot wear most types of armour.
You are amphibious.
You can wear up to eight rings at the same time.
Your skin changes colour to match your surroundings (Stealth+).
Your rubbery body absorbs attacks. (AC +1, EV +1)
((You are camouflaged when in or above water. (Stealth+)))
You have tentacles for arms and can constrict up to eight enemies at once.


Message History

You kill the worm!
A quokka comes into view.
The quokka closely misses you.
You hit the quokka. You grab the quokka. You squeeze the quokka.
You kill the quokka!
You see here 10 gold pieces.
You see here an Everburning Encyclopedia.
You pick up an Everburning Encyclopedia and begin reading...
You add the spells Ignite Poison, Sticky Flame and Ignition to your library.
You see here 10 gold pieces.
You see here 10 gold pieces.
You now have 349 gold pieces (gained 10).
The water moccasin hisses angrily.
The water moccasin attacks as it pursues you!
The water moccasin closely misses you.
Nothing quivered!
You barely miss the water moccasin. Your grab misses the water moccasin.
The water moccasin bites you. x2
You are poisoned.
The water moccasin poisons you!
You completely miss the water moccasin. Your grab misses the water moccasin.
You feel very sick. The water moccasin bites you.
The water moccasin completely misses you.
You completely miss the water moccasin. You grab the water moccasin.
You constrict the water moccasin.
You feel very sick. The water moccasin bites you. The water moccasin bites you!
You barely miss the water moccasin. You constrict the water moccasin.
You feel very sick. The water moccasin bites you!
* * * LOW HITPOINT WARNING * * *
The water moccasin barely misses you.
As you read the scroll of fog, it dissolves into smoke.
You constrict the water moccasin.
You feel sick. The water moccasin bites you.
* * * LOW HITPOINT WARNING * * *
You are lethally poisoned!
The water moccasin poisons you! The water moccasin bites you!
You die...
Your body crumbles into a pile of gold.

#...#...#..##
###..........
##..#######
##.# #.# #.#
#§# #S# #@#
#§# ##§##
#...#
###...###
#<......#
#..........
#.......###
###...###


You could see a water moccasin.

Vanquished Creatures
  A scorpion (D:5)
  A wight (D:5)
  A hound (D:4)
  Natasha (thrice) (D:2)
  2 iguanas (D:5)
  3 adders
  2 ufetubi (D:5)
  A worm (D:3)
  A dart slug (D:2)
  8 ball pythons
  4 bats
  3 endoplasms
  5 goblins
  A hobgoblin (D:1)
  2 quokkas
  A kobold (D:1)
  4 rats
43 creatures vanquished.

Notes
Turn   | Place    | Note
-------+----------+-------------------------------------------
     0 | D:5      | Azuregosa the Octopode Delver began the quest for the Orb.
     0 | D:5      | Reached XP level 1. HP: 16/16 MP: 1/1
     1 | D:6      | Noticed Jeremiah
   101 | D:5      | Noticed a wight
   115 | D:5      | Noticed an iguana
   121 | D:5      | Killed an iguana
   122 | D:5      | Reached skill level 7 in Stealth
   122 | D:5      | Reached XP level 2. HP: 19/21 MP: 2/2
   122 | D:5      | Reached XP level 3. HP: 24/26 MP: 3/3
   122 | D:5      | Noticed a wight
   142 | D:5      | HP: 1/22 [wight/+2 long sword (1)]
   143 | D:5      | Killed a wight
   144 | D:5      | Reached skill level 8 in Stealth
   144 | D:5      | Reached XP level 4. HP: 2/31 MP: 4/4
   272 | D:5      | Found an opulent altar of Gozag.
   272 | D:5      | Found a snail-covered altar of Cheibriados.
   288 | D:5      | Reached skill level 9 in Stealth
   465 | D:5      | Noticed a scorpion
   472 | D:5      | Killed a scorpion
   473 | D:5      | Reached skill level 10 in Stealth
   473 | D:5      | Reached XP level 5. HP: 20/36 MP: 5/5
   588 | D:5      | Became a worshipper of Gozag Ym Sagoz the Greedy
   616 | D:4      | Noticed Eustachio
   674 | D:4      | Found a burning altar of Makhleb.
  1033 | D:2      | Learned a level 4 spell: Summon Ice Beast
  1053 | D:2      | Reached XP level 6. HP: 41/42 MP: 6/6
  1982 | D:2      | Noticed Natasha
  1986 | D:2      | Killed Natasha
  1995 | D:2      | Noticed Natasha
  1999 | D:2      | Killed Natasha
  2000 | D:2      | Reached skill level 11 in Stealth
  2237 | D:2      | Noticed Natasha
  2244 | D:2      | Killed Natasha
  2407 | D:3      | Noticed a water moccasin
  2438 | D:3      | Slain by a water moccasin

Illustrated notes

Levels and vault maps discovered:
D:1:      dpeg_arrival_solitude, layout_basic, serial_forest,
          infiniplex_forest_clump_small, infiniplex_forest_lined_3,
          infiniplex_forest_end_2, infiniplex_forest_clump_double,
          infiniplex_forest_zigzag_1, infiniplex_forest_clump_double,
          infiniplex_forest_straight_1
D:2:      layout_loops_ring, minivault_23, uniq_natasha
D:3:      minmay_evil_eye, layout_loops_ring, minmay_pentomino_pile
D:4:      layout_basic, nicolae_overflow_crystal_walls,
          makhleb_heckhound_becter, nicolae_goblin_pals, uniq_duvessa,
          uniq_eustachio
D:5:      layout_cave_pools, jmf_multi_god_temple,
          yredelemnul_forgotten_temple_becter
D:6:      layout_basic, mainiacjoe_overflow_six_doors_small,
          chequers_temple_overflow_statue_of_worship, uniq_edmund,
          uniq_menkaure, uniq_jeremiah

Skill      XL: |  1  2  3  4  5  6 |
---------------+-------------------+-----
Stealth        | 7 8 10 11 | 11.3
Fighting       | |  3.0
Dodging        | |  2.0
Unarmed Combat | |  2.0
Spellcasting   | |  0.1
Summonings     | |  0.1

Action                     |  1- 3 |  4- 6 || total
---------------------------+-------+-------++-------
  Melee: Rapier            |    10 |       ||    10
         Tentacles         |     3 |    15 ||    18
         Constrict         |     2 |    18 ||    20
         Punch             |     1 |     1 ||     2
         Long sword        |       |    75 ||    75
    Use: Scroll            |       |     3 ||     3
   Stab: Distracted        |       |     1 ||     1
         Sleeping          |       |    19 ||    19
 Armour: Skin              |     5 |    41 ||    46
  Dodge: Dodged            |     4 |    52 ||    56

Table legend: (Time is in decaauts)
 A = Elapsed time spent in this place.
 B = Non-inter-level travel time spent in this place.
 C = Inter-level travel time spent in this place.
 D = Time resting spent in this place.
 E = Time spent auto-exploring this place.
 F = Levels seen in this place.
 G = Mean time per level.
                   A        B        C        D        E       F      G
               +--------+--------+--------+--------+--------+-----+--------+
         Total |   2473 |   2416 |     57 |    489 |   1031 |   6 |  412.2 |
       Dungeon |   2473 |   2416 |     57 |    489 |   1031 |   6 |  412.2 |
               +--------+--------+--------+--------+--------+-----+--------+

Top non-repeatable levels by time:
     D:1: 772 daAuts
     D:2: 659 daAuts
     D:5: 620 daAuts
     D:3: 266 daAuts
     D:4: 152 daAuts
     D:6: 1 daAuts
